 Dungeon Sprint DCSS version 0.31-a0-876-gfe8ebadbca (webtiles) character file.

Game seed: 11682993970414323080

255 rocky1 the Nimble (level 6, -4/48 HPs)
             Began as a Djinni Gladiator on Oct 14, 2023.
             Slain by a neqoxec (9 damage)
             ... in the Dungeon (Sprint II: "The Violet Keep of Menkaure").
             The game lasted 00:00:18 (29 turns).

rocky1 the Nimble (Djinni Gladiator)                  Turns: 29, Time: 00:00:18

Health: -4/48      AC:  2    Str: 13      XL:     6   Next: 38%
Gold:   0          EV: 16    Int:  5 (8)  God:
                   SH:  0    Dex: 16

rFire   + + .        a - +0 long sword
rCold   x . .        (no shield)
rNeg    . . .        b - +0 leather armour
rPois   ∞            c - +0 helmet
rElec   .            (no cloak)
rCorr   .            (no gloves)
SInv    .            (boots unavailable)
Will    .....        (no amulet)
Stlth   +            (no ring)
HPRegen 0.28/turn    (no ring)
MPRegen 0.00/turn

%: no teleportation, infuse magic (-5 HP)
@: on berserk cooldown, flying, hasted and slowed
A: sickness immunity, fire resistance 2, cold vulnerability 1, float, innate
caster, HP casting, extra vitality 1, deformed body, dopey 1, subdued magic 1,
devolution 1
a: no special abilities


You were in the Dungeon.
You visited 1 branch

Inventory:

Hand Weapons
 a - a +0 long sword (weapon)
Missiles
 d - 3 throwing nets (quivered)
 e - a javelin
Armour
 b - a +0 leather armour (worn)
 c - a +0 helmet (worn)
Scrolls
 j - a scroll of blinking
Potions
 f - a potion of curing
 g - a potion of heal wounds


   Skills:
 + Level 4.4 Fighting
 + Level 8.0 Long Blades
 + Level 3.6 Throwing
 + Level 8.4 Dodging


You knew the following spells:

 Your Spells              Type           Power      Damage    Failure   Level
a - Sting                 Tmut/Pois      0%         1d3       52%         1
b - Jinxbite              Hex            0%         N/A       67%         2
Your spell library was empty.

Dungeon Overview and Level Annotations

Branches:
Dungeon (1/1)

Altars:


Innate Abilities, Weirdness & Mutations

You are immune to sickness and miasma.
You are immune to poison.
Your flesh is very heat resistant. (rF++)
You are vulnerable to cold. (rC-)
You float through the air rather than walking.
You learn spells naturally, not from books.
Your magical power is your life essence.
You have superior vitality. (+4 MHP)
Armour fits poorly on your strangely shaped body.
You are dopey. (Int -2)
Your spells are a little easier to cast, but a little less powerful.
You have hidden genetic defects.


Message History

You feel dopey. Something feeds on your intellect! The neqoxec misses you.
You barely miss the neqoxec.
The neqoxec is lightly wounded.
You slash the neqoxec!
The neqoxec is moderately wounded.
You are no longer berserk.
You are exhausted.
You feel yourself slow down. The neqoxec barely misses you.
The neqoxec hits you.
You hit the neqoxec but do no damage.
The neqoxec is moderately wounded.
The neqoxec hits you.
* * * LOW HITPOINT WARNING * * *
The neqoxec hits you.
* * * LOW HITPOINT WARNING * * *
You closely miss the neqoxec.
The neqoxec is moderately wounded.
The neqoxec closely misses you. The neqoxec hits you.
* * * LOW HITPOINT WARNING * * *
You hit the neqoxec.
The neqoxec is heavily wounded.
The neqoxec misses you. The neqoxec gestures at you.
Strange energies course through your body.
You feel stupid.
You hit the neqoxec but do no damage.
The neqoxec is heavily wounded.
The neqoxec gestures at you.
Strange energies course through your body.
You feel a hidden malignance growing inside you.
You hit the neqoxec.
The neqoxec is heavily wounded.
The neqoxec gestures at you.
Strange energies course through your body.
Your body twists and deforms.
You hit the neqoxec.
The neqoxec is severely wounded.
The neqoxec hits you!
You die...

## #+#
#.#
##.##..#
+.<@33#
##.##.#
#+# #.#
##


You could see 2 neqoxecs.

Vanquished Creatures
  2 neqoxecs (D)
2 creatures vanquished.

Notes
Turn   | Place    | Note
-------+----------+-------------------------------------------
     0 | D        | rocky1 the Djinni Gladiator began the quest for the Orb.
     0 | D        | Reached XP level 1. HP: 18/18 MP: 0/0
     1 | D        | Noticed a neqoxec
     1 | D        | Noticed a neqoxec
     1 | D        | Noticed a neqoxec
     1 | D        | Noticed a neqoxec
    10 | D        | Killed a neqoxec
    11 | D        | Reached XP level 2. HP: 22/26 MP: 0/0
    11 | D        | Reached XP level 3. HP: 26/31 MP: 0/0
    11 | D        | Learned a level 1 spell: Sting
    11 | D        | Reached XP level 4. HP: 31/37 MP: 0/0
    11 | D        | Reached XP level 5. HP: 35/41 MP: 0/0
    11 | D        | Learned a level 2 spell: Jinxbite
    11 | D        | Gained mutation: Your spells are a little easier to cast,
                  | but a little less powerful. [a neqoxec]
    16 | D        | Killed a neqoxec
    17 | D        | Reached XP level 6. HP: 42/48 MP: 0/0
    25 | D        | Gained mutation: You are dopey. (Int -2) [a neqoxec]
    27 | D        | Gained mutation: You have hidden genetic defects. [a
                  | neqoxec]
    28 | D        | Gained mutation: Armour fits poorly on your strangely
                  | shaped body. [a neqoxec]
    29 | D        | Slain by a neqoxec

Illustrated notes

Levels and vault maps discovered:
D:        the_violet_keep_of_menkaure [sprint2_stairs_cluster_1,
          sprint2_shoproom, sprint2_temple, sprint2_basic_supplies,
          sprint2_obstacle_1, sprint2_obstacle_7, sprint2_obstacle_2,
          sprint2_obstacle_4, sprint2_obstacle_3, sprint2_timed_cluster_1,
          sprint2_smallroom_cluster_1, sprint2_smallroom_final_cluster_1,
          sprint2_transparent_cluster_1, sprint2_second_timed_cluster_1,
          sprint2_sniper_area_1, sprint2_heavy_combat_area_1,
          sprint2_mutation_trap_area_1, sprint2_forest_area_1,
          sprint2_light_combat_area_1, sprint2_behind_water_1,
          sprint2_near_end_vault_1]

Skill      XL: |  1  2  3  4  5 |
---------------+----------------+-----
Fighting       | 3 4 |  4.4
Long Blades    | 6 8 |  8.0
Throwing       | 3 |  3.6
Dodging        | 7 8 |  8.4

Action                     |  1- 3 |  4- 6 || total
---------------------------+-------+-------++-------
  Melee: Long sword        |     7 |    17 ||    24
    Use: Potion            |     2 |       ||     2
 Armour: Leather armour    |     1 |     7 ||     8
  Dodge: Dodged            |     4 |     9 ||    13

Table legend: (Time is in decaauts)
 A = Elapsed time spent in this place.
 B = Non-inter-level travel time spent in this place.
 C = Inter-level travel time spent in this place.
 D = Time resting spent in this place.
 E = Time spent auto-exploring this place.
 F = Levels seen in this place.
 G = Mean time per level.
                   A        B        C        D        E       F      G
               +--------+--------+--------+--------+--------+-----+--------+
         Total |     23 |     23 |      0 |      0 |      0 |   1 |   23.0 |
       Dungeon |     23 |     23 |      0 |      0 |      0 |   1 |   23.0 |
               +--------+--------+--------+--------+--------+-----+--------+

Top non-repeatable levels by time:
       D: 23 daAuts
